 Dungeon Crawl Stone Soup version 0.17-a0-719-g32c6a46 (webtiles) character file.

107565 HungrySpirit the Severer (level 17, 0/139 HPs)
             Began as a Human Berserker on Apr 19, 2015.
             Was the Champion of Trog.
             Slain by Agnes
             ... wielding a +0 lajatang
              (34 damage)
             ... on level 3 of the Snake Pit on Apr 20, 2015.
             The game lasted 01:16:54 (34749 turns).

HungrySpirit the Severer (Human Berserker)         Turns: 34749, Time: 01:16:54

Health: 0/139      AC: 28    Str: 23    XL:     17   Next: 2%
Magic:  17/17      EV:  7    Int:  7    God:    Trog [******]
Gold:   1298       SH: 16    Dex: 12    Spells: 0 memorised, 16 levels left

rFire  + + +     SeeInvis .     U - +8 broad axe "Gobbex" {freeze, rElec rF+ rC+ Int-3}
rCold  + + .     Clarity  .     j - +1 plate armour
rNeg   . . .     SustAb   .     K - +0 shield
rPois  +         Gourm    +     B - +2 helmet of Jofahure {rF++}
rElec  +         Spirit   .     (no cloak)
rCorr  .         Warding  .     h - +0 pair of gloves
rMut   .         Stasis   .     Y - +0 pair of boots {Fly}
MR     +++..                    y - amulet of the gourmand
Stlth  ..........               a - ring of protection from cold
                                o - ring of poison resistance

@: flying, regenerating, extremely resistant to hostile enchantments, extremely
unstealthy
A: iridescent scales 1, large bone plates 2
a: Burn Spellbooks, Berserk, Trog's Hand, Brothers in Arms, Renounce Religion,
Stop Flying


You were on level 3 of the Snake Pit.
You worshipped Trog.
Trog was exalted by your worship.
You were not hungry.

You visited 4 branches of the dungeon, and saw 28 of its levels.
You also visited: Labyrinth, Sewer and Ossuary.

You collected 3721 gold pieces.
You spent 2423 gold pieces at shops.

Inventory:

Hand weapons
 g - the +8 mithril axe "Arga" {speed, MR+ Str+2}
   (Trog gifted it to you on level 8 of the Dungeon)

   Attacks with this weapon are significantly faster.
   It affects your strength (+2).
   It affects your resistance to hostile enchantments.
 U - the +8 broad axe "Gobbex" (weapon) {freeze, rElec rF+ rC+ Int-3}
   (You bought it in a shop on level 3 of the Orcish Mines)

   It has been specially enchanted to freeze those struck by it, causing extra
   injury to most foes and up to half again as much damage against particularly
   susceptible opponents.
   It can also slow down cold-blooded creatures.
   It affects your intelligence (-3).
   It protects you from fire.
   It protects you from cold.
   It insulates you from electricity.
Missiles
 A - 2 steel javelins (quivered)
Armour
 h - a +0 pair of gloves (worn)
 j - a +1 plate armour (worn)
 B - the +2 helmet of Jofahure (worn) {rF++}
   (You found it on level 2 of the Lair of Beasts)

   It greatly protects you from fire.
 K - a +0 shield (worn)
 Y - a +0 pair of boots of flying (worn)
Jewellery
 a - a ring of protection from cold (right hand)
 d - a cursed ring of positive energy
 o - a ring of poison resistance (left hand)
 q - the amulet "Kisaigg" {Faith Dex+2, unknown}
   (You found it on level 2 of the Snake Pit)

   [amulet of faith]

   It allows you to gain divine favour quickly.
   It affects your dexterity (+2).
 r - an uncursed ring of protection from fire
 y - an amulet of the gourmand (around neck)
Magical devices
 b - a wand of disintegration (7)
 t - a wand of heal wounds (4)
 x - a wand of magic darts (41)
 N - a wand of teleportation (6)
 O - a wand of digging (17)
Scrolls
 e - 4 scrolls of identify
 f - 11 scrolls of remove curse
 l - a scroll of summoning
 m - a scroll of holy word
 v - a scroll of magic mapping
 E - a scroll of torment
 I - 3 scrolls of enchant armour
 J - 3 scrolls of blinking
 M - a scroll of fog
 R - a scroll of recharging
 W - 4 scrolls of teleportation
Potions
 i - 5 potions of curing
 k - a potion of brilliance
 n - 3 potions of haste
 p - a potion of agility
 s - a potion of resistance
 u - 4 potions of restore abilities
 w - 6 potions of heal wounds
 z - 2 potions of berserk rage
 F - 2 potions of cancellation
 L - a potion of magic
 T - 2 potions of might
 V - 2 potions of cure mutation
Miscellaneous
 Z - a phantom mirror
Comestibles
 c - 12 bread rations
 C - a slice of pizza
 D - 4 fruits
 G - 6 meat rations
 Q - 2 beef jerkies


   Skills:
 + Level 14.1 Fighting
   Level 11.0 Long Blades
 * Level 16.3 Axes
 + Level 9.8 Armour
 - Level 2.0 Dodging
 + Level 12.8 Shields


You had 16 spell levels left.
You didn't know any spells.

Dungeon Overview and Level Annotations

Branches:
Dungeon (13/15)            Temple (0/1) D:6            Lair (8/8) D:8
 Shoals (0/5) Lair:3        Snake (3/5) Lair:6        Slime (0/6) Lair:6
    Orc (4/4) D:10            Elf (0/3) Orc:3
 Vaults: D:13-14

Altars:
Ashenzari
Elyvilon
Gozag
Kikubaaqudgha
Makhleb
Nemelex Xobeh
Qazlal
Trog
Vehumet
The Shining One
Jiyva

Shops:
D:10 }%(   Orc:1 }   Orc:2 *   Orc:3 [*[?(   Orc:4 %}:}?!

Annotations:
D:7 exclusion: statue
D:8 exclusion: door
Snake:3 Agnes


Innate Abilities, Weirdness & Mutations

You are partially covered in iridescent scales (AC +4).
You are mostly covered in large bone plates (AC +3, SH +3).


Message History

You barely miss Agnes.
Agnes is moderately wounded.
You block Agnes's attack.
You slash Agnes! You freeze Agnes.
Agnes is heavily wounded.
Agnes hits you with a lajatang.
You barely miss Agnes.
Agnes is heavily wounded.
Agnes drinks a potion.
Agnes goes berserk!
You block Agnes's attack.
You slash Agnes! You freeze Agnes.
Agnes is heavily wounded.
Agnes hits you but does no damage.
Your plate armour prevents you from hitting Agnes.
Agnes is heavily wounded.
Agnes hits you with a lajatang!! Agnes hits you with a lajatang!!!
* * * LOW HITPOINT WARNING * * *
You completely miss Agnes.
Agnes is heavily wounded.
Agnes hits you with a lajatang!!
You die...

.....##.#####
#............#
...#..#....#
#.#....?..#
##..)))...###
#....((#....####.
##.....(#.#.......
#)i##...(.#....#
#@###....(...# #
#.#....#.#.)##>###
#.#....#...(##....
#.#...####†.%.....
#.##.#####...##...
#.... #...(...#.#.
........##.#..#.#
... ... #.#....#
...... ##.#...###


You could see Agnes (berserk).

Vanquished Creatures
  Maud (D:10)
  The ghost of Virusyak the Grappler, a mighty VSMo of Qazlal (Snake:2)
  An ettin (Orc:3)
  Erolcha (D:10)
  A minotaur (Lab)
  3 hydras
  2 anacondas (Snake:2)
  6 naga warriors
  Erica (D:8)
  2 ogre magi (Orc:4)
  A catoblepas (D:12)
  17 death yaks
  14 naga sharpshooters
  2 shock serpents
  An unseen horror (D:10)
  A fire crab (shapeshifter) (D:13)
  2 naga ritualists
  2 deep trolls (Orc:4)
  A lindwurm (Lair:7)
  A flayed ghost (D:11)
  3 hill giants
  2 ugly things
  4 cyclopes
  A manticore (Lair:3)
  4 salamanders
  4 griffons
  6 mana vipers
  5 elephants (Lair:4)
  An eye of devastation (Lair:6)
  3 gargoyles (D:11)
  A torpor snail (Lair:8)
  14 black mambas
  A guardian serpent (Snake:2)
  The ghost of ontamu the Grappler, an experienced DrMo (D:5)
  5 naga magi
  25 spiny frogs
  9 trolls
  7 komodo dragons
  A merfolk (D:9)
  15 blink frogs
  A fire drake (Lair:6)
  2 giant leeches (Lair:8)
  7 two-headed ogres
  3 trapdoor spiders (Lab)
  Sigmund (D:4)
  2 fire bats (D:11)
  6 deep elf magi
  A wyvern (D:11)
  3 vampire mosquitoes (Lair:8)
  8 hungry ghosts
  28 yaks
  5 wraiths (D:11)
  6 basilisks
  15 hippogriffs
  10 wolves (Lair:7)
  The ghost of Tangento the Chopper, an average GrFi (D:3)
  20 nagas
  2 soldier ants
  29 water moccasins
  3 sky beasts
  3 black bears
  9 porcupines
  A wasp (D:11)
  5 centaurs
  27 ogres
  2 phantoms
  3 ice beasts
  6 boring beetles
  14 orc warriors
  2 eyes of draining
  15 crocodiles
  6 big kobolds
  6 earth elementals (D:12)
  2 gnoll sergeants
  25 giant frogs
  A wyvern skeleton (D:10)
  8 wights
  4 scorpions
  4 jellies
  5 electric eels
  9 killer bees
  2 spriggan skeletons (Lab)
  5 crimson imps
  A quasit (D:12)
  3 giant frog zombies
  24 orc priests
  4 centaur skeletons
  7 iguanas
  3 hounds
  34 orc wizards
  Jessica (D:3)
  11 sheep
  2 killer bee zombies
  12 worker ants
  An ogre skeleton (Lab)
  8 mummies (Ossuary)
  2 worker ant zombies (D:10)
  3 hound skeletons
  14 adders
  20 gnolls
  69 river rats
  5 shadow imps
  A white imp (D:9)
  4 oozes
  2 adder skeletons
  A worm (D:3)
  6 giant geckos
  183 orcs
  A bat zombie (D:5)
  14 giant cockroaches
  3 gnoll zombies (Ossuary)
  31 hobgoblins
  14 jackals
  4 quokkas
  25 bats
  A giant gecko skeleton (D:6)
  11 giant newts
  A giant spore (D:10)
  30 goblins
  2 goblin skeletons (D:9)
  A goblin zombie (D:9)
  4 hobgoblin zombies (D:9)
  40 kobolds
  A kobold skeleton (D:9)
  3 kobold zombies (Ossuary)
  An orc skeleton (D:9)
  3 orc zombies
  35 rats
  A ballistomycete (D:10)
  2 butterflies
  3 fungi
  9 plants
1151 creatures vanquished.

Vanquished Creatures (others)
  A crocodile (Lair:6)
  A river rat (Lair:7)
  2 fungi
  13 plants (Lair:8)
17 creatures vanquished.

Grand Total: 1168 creatures vanquished

Notes
Turn   | Place    | Note
--------------------------------------------------------------
     0 | D:1      | HungrySpirit, the Human Berserker, began the quest for the Orb.
     0 | D:1      | Reached XP level 1. HP: 18/18 MP: 1/1
   342 | D:1      | Reached XP level 2. HP: 9/24 MP: 2/2
  1154 | D:1      | Reached XP level 3. HP: 26/29 MP: 3/3
  1295 | D:1      | Acquired Trog's second power
  1563 | D:2      | Found a stormy altar of Qazlal.
  1604 | D:2      | Reached skill level 4 in Long Blades
  1604 | D:2      | Reached XP level 4. HP: 37/37 MP: 4/4
  1947 | D:2      | Reached XP level 5. HP: 37/42 MP: 5/5
  2289 | D:2      | Found a burning altar of Makhleb.
  2544 | D:3      | Found a glowing drain.
  2550 | D:3      | Reached skill level 5 in Long Blades
  2597 | Sewer    | Entered a sewer
  2700 | Sewer    | Reached XP level 6. HP: 49/49 MP: 6/6
  2707 | Sewer    | Received a gift from Trog
  2754 | Sewer    | Found a white marble altar of Elyvilon.
  3239 | D:3      | Noticed Tangento's ghost (average GrFi)
  3288 | D:3      | Killed Tangento's ghost
  3288 | D:3      | Reached skill level 5 in Fighting
  3288 | D:3      | Reached skill level 6 in Long Blades
  3288 | D:3      | Reached XP level 7. HP: 53/56 MP: 7/7
  3538 | D:3      | Noticed Jessica
  3553 | D:3      | Killed Jessica
  3553 | D:3      | Acquired Trog's third power
  3781 | D:4      | Found a white marble altar of Elyvilon.
  3961 | D:4      | Noticed Sigmund
  3974 | D:4      | Killed Sigmund
  3974 | D:4      | Reached skill level 7 in Long Blades
  4097 | D:4      | Reached XP level 8. HP: 49/64 MP: 8/8
  4465 | D:4      | Got an ichor-stained leather armour
  4476 | D:4      | Identified the +3 leather armour "Dotirch Hoeba" {MR+ Dex+3} (You found it on level 4 of the Dungeon)
  4663 | D:4      | Found a sparkling altar of Nemelex Xobeh.
  4894 | D:5      | Entered Level 5 of the Dungeon
  4899 | D:5      | Noticed ontamu's ghost (experienced DrMo)
  5159 | D:5      | Killed ontamu's ghost
  5159 | D:5      | Reached skill level 8 in Long Blades
  5354 | D:5      | Gained mutation: You are partially covered in large bone plates (AC +2, SH +2). [mutagenic meat]
  5355 | D:5      | Gained mutation: You are partially covered in iridescent scales (AC +4). [mutagenic meat]
  5388 | D:5      | Got a crude leather armour
  5399 | D:5      | Identified the +1 leather armour of a Thousand Places {rN+} (You found it on level 5 of the Dungeon)
  5521 | D:5      | Found an opulent altar of Gozag.
  5684 | D:5      | Reached skill level 9 in Long Blades
  5686 | D:5      | Reached XP level 9. HP: 71/71 MP: 9/9
  6254 | D:5      | Found a sparkling altar of Nemelex Xobeh.
  6301 | D:6      | Found a staircase to the Ecumenical Temple.
  6320 | D:6      | Received a gift from Trog
  6320 | D:6      | Reached skill level 1 in Shields
  6323 | D:6      | Got a dazzling battleaxe {god gift}
  6359 | D:6      | Identified the +3 battleaxe of Ymuwadia {chop, rF+ Stlth+} (Trog gifted it to you on level 6 of the Dungeon)
  6776 | D:6      | Reached skill level 10 in Long Blades
  7505 | D:7      | Found a viscous altar of Jiyva.
  7744 | D:7      | Found a radiant altar of Vehumet.
  7781 | D:7      | Reached XP level 10. HP: 80/80 MP: 10/10
  7970 | D:7      | Found a sand-covered staircase.
  8058 | Ossuary  | Entered an ossuary
  8517 | D:7      | Gained mutation: You are mostly covered in large bone plates (AC +3, SH +3). [potion of beneficial mutation]
  8818 | D:8      | Found a staircase to the Lair.
  8871 | D:8      | Received a gift from Trog
  8871 | D:8      | Reached skill level 11 in Long Blades
  9000 | D:8      | Reached skill level 1 in Axes
  9266 | D:8      | Found a runed door.
  9279 | D:8      | Found a runed door.
  9325 | D:8      | Noticed Erica
  9347 | D:8      | Killed Erica
 10472 | D:8      | Reached skill level 5 in Shields
 11107 | D:9      | Found a glowing golden altar of the Shining One.
 11172 | D:9      | Reached skill level 5 in Axes
 11246 | D:9      | Reached XP level 11. HP: 87/89 MP: 11/11
 12166 | D:10     | Entered Level 10 of the Dungeon
 12175 | D:10     | Found a stormy altar of Qazlal.
 12237 | D:10     | Noticed Erolcha
 12244 | D:10     | Killed Erolcha
 12481 | D:10     | Noticed Maud
 12501 | D:10     | Killed Maud
 12737 | D:10     | Found Jytsied's Food Shoppe.
 12737 | D:10     | Noticed a hill giant
 12742 | D:10     | Killed a hill giant
 12773 | D:10     | Reached skill level 10 in Fighting
 12785 | D:10     | Killed an unseen horror
 13214 | D:10     | Found Exzer's Weapon Boutique.
 13317 | D:10     | Found a staircase to the Orcish Mines.
 13336 | D:10     | Reached XP level 12. HP: 94/97 MP: 12/12
 13411 | D:10     | Found Upsuceshan's Gadget Emporium.
 14835 | D:11     | Received a gift from Trog
 14867 | D:11     | Found a shattered altar of Ashenzari.
 15123 | D:11     | Found a runed door.
 15137 | D:11     | Reached skill level 10 in Axes
 15148 | D:11     | Found a burning altar of Makhleb.
 15148 | D:11     | Found a burning altar of Makhleb.
 15177 | D:11     | Found an ancient bone altar of Kikubaaqudgha.
 15227 | D:11     | Identified the Papyrus of Helpful Fire
 15435 | D:11     | Got a ring of the Octopus King
 15436 | D:11     | Identified a ring of the Octopus King {AC+1 EV+1 Str+1 Int+1 Dex+1 Stlth+} (You found it on level 11 of the Dungeon)
 15463 | D:11     | Found a bloodstained altar of Trog.
 15494 | D:11     | Found a shattered altar of Ashenzari.
 16705 | D:12     | Noticed a catoblepas
 16719 | D:12     | Reached XP level 13. HP: 106/106 MP: 13/13
 16936 | D:12     | Killed a catoblepas
 16990 | D:12     | Identified a scroll of acquirement
 17236 | Lair:1   | Entered Level 1 of the Lair of Beasts
 17442 | Lair:1   | Found a labyrinth entrance.
 17448 | Lab      | Entered a labyrinth
 18424 | Lab      | Noticed a minotaur
 18429 | Lab      | Killed a minotaur
 19167 | Lair:2   | Received a gift from Trog
 19739 | Lair:2   | Got a spiked helmet
 19750 | Lair:2   | Identified the +2 helmet of Jofahure {rF++} (You found it on level 2 of the Lair of Beasts)
 20534 | Lair:3   | Found a staircase to the Shoals.
 20550 | Lair:3   | Reached skill level 12 in Axes
 21366 | Lair:4   | Reached skill level 5 in Armour
 21601 | Lair:4   | Reached skill level 10 in Shields
 21831 | Lair:4   | Reached XP level 14. HP: 114/114 MP: 14/14
 22830 | Lair:5   | Received a gift from Trog
 23556 | Lair:6   | Found a staircase to the Snake Pit.
 23625 | Lair:6   | Found a staircase to the Slime Pits.
 24601 | Lair:7   | Reached skill level 13 in Axes
 24815 | Lair:7   | Received a gift from Trog
 25504 | Lair:8   | Entered Level 8 of the Lair of Beasts
 25647 | Lair:8   | Reached XP level 15. HP: 57/122 MP: 15/15
 25807 | Lair:8   | Received a gift from Trog
 26067 | Lair:8   | Reached skill level 14 in Axes
 26390 | Lair:8   | Got an ebony demon trident
 26442 | Lair:8   | Identified the +5 demon trident "Killer Klown's Death" {pierce, Int+3} (You found it on level 8 of the Lair of Beasts)
 27524 | Orc:1    | Entered Level 1 of the Orcish Mines
 27538 | Orc:1    | Found Erom's Gadget Boutique.
 27670 | Orc:1    | Received a gift from Trog
 28431 | Orc:2    | Found Xysugh's General Store.
 28444 | Orc:2    | Bought a potion of heal wounds for 55 gold pieces
 28482 | Orc:2    | Received a gift from Trog
 28963 | Orc:3    | Found a staircase to the Elven Halls.
 28993 | Orc:3    | Found Ablul's Magic Scroll Emporium.
 29000 | Orc:3    | Bought a scroll of teleportation for 45 gold pieces
 29000 | Orc:3    | Bought a scroll of torment for 112 gold pieces
 29093 | Orc:3    | Found Plog's Antique Weapon Emporium.
 29129 | Orc:3    | Bought a pitted broad axe for 270 gold pieces
 29129 | Orc:3    | Identified the +8 broad axe "Gobbex" {freeze, rElec rF+ rC+ Int-3} (You bought it in a shop on level 3 of the Orcish Mines)
 29211 | Orc:3    | Found Konebb's Antique Armour Boutique.
 29310 | Orc:3    | Bought a pair of embroidered boots for 81 gold pieces
 29340 | Orc:3    | Received a gift from Trog
 29717 | Orc:3    | Found Hyogg's Assorted Antiques.
 29732 | Orc:3    | Found Zaph's Antique Armour Emporium.
 29904 | Orc:4    | Entered Level 4 of the Orcish Mines
 29904 | Orc:4    | Found Kuiro's Food Emporium.
 29984 | Orc:4    | Found Assawni's Quality Used Wands.
 29993 | Orc:4    | Bought a wand of enslavement (0) for 28 gold pieces
 30245 | Orc:4    | Reached skill level 15 in Axes
 30578 | Orc:4    | Received a gift from Trog
 30736 | Orc:4    | Found Cemomiem's Book Emporium.
 30738 | Orc:4    | Found Rezeh's Gadget Emporium.
 30750 | Orc:4    | Found Adeahel's Magic Scroll Boutique.
 30759 | Orc:4    | Found Haoclob's Distillery.
 30764 | Orc:4    | Reached XP level 16. HP: 131/131 MP: 16/16
 30805 | Orc:4    | Bought a scroll of identify for 30 gold pieces
 30805 | Orc:4    | Bought a scroll of identify for 30 gold pieces
 30805 | Orc:4    | Bought a scroll of identify for 30 gold pieces
 30805 | Orc:4    | Bought a scroll of recharging for 142 gold pieces
 30805 | Orc:4    | Bought a scroll of magic mapping for 52 gold pieces
 30805 | Orc:4    | Bought a scroll of enchant armour for 112 gold pieces
 30810 | Orc:4    | Bought a potion of curing for 36 gold pieces
 30810 | Orc:4    | Bought a potion of haste for 120 gold pieces
 30810 | Orc:4    | Bought a potion of heal wounds for 60 gold pieces
 30810 | Orc:4    | Bought a potion of restore abilities for 60 gold pieces
 30875 | Orc:4    | Bought a wand of teleportation (0) for 168 gold pieces
 30875 | Orc:4    | Bought a wand of disintegration (0) for 56 gold pieces
 30977 | Orc:3    | Bought a scroll of teleportation for 108 gold pieces
 30977 | Orc:3    | Bought a scroll of teleportation for 108 gold pieces
 31056 | Orc:4    | Bought a wand of heal wounds (4) for 720 gold pieces
 31405 | Snake:1  | Entered Level 1 of the Snake Pit
 32766 | Snake:2  | Got a scintillating sapphire amulet
 33122 | Snake:2  | Received a gift from Trog
 33794 | Snake:2  | Noticed Virusyak's ghost (mighty VSMo)
 33837 | Snake:2  | Killed Virusyak's ghost
 33917 | Snake:2  | Reached skill level 16 in Axes
 34699 | Snake:3  | Reached XP level 17. HP: 41/139 MP: 10/17
 34736 | Snake:3  | Noticed Agnes
 34749 | Snake:3  | Slain by Agnes

Action                   |  1- 3 |  4- 6 |  7- 9 | 10-12 | 13-15 | 16-18 || total
-------------------------+-------+-------+-------+-------+-------+-------++-------
Melee: Falchion          |   124 |   248 |   606 |   119 |       |       ||  1097
       Broad axe         |       |       |       |   639 |  1303 |   446 ||  2388
       Scimitar          |       |       |       |       |    25 |       ||    25
Throw: Javelin           |       |     3 |    10 |       |       |       ||    13
Invok: Berserk           |     2 |     3 |    15 |     9 |     5 |     2 ||    36
       Trog's Hand       |       |       |     1 |     2 |     5 |     3 ||    11
       Burn Spellbooks   |       |       |       |     1 |     4 |       ||     5
Evoke: Wand              |       |       |       |     3 |     2 |       ||     5
  Use: Scroll            |       |     4 |    10 |    14 |     9 |     6 ||    43
       Potion            |       |       |     5 |     2 |     1 |     2 ||    10
 Stab: Sleeping          |       |       |       |     2 |       |       ||     2
  Eat: Chunk             |     3 |     7 |    20 |    11 |    35 |     8 ||    84
       Fruit             |       |     3 |     8 |     3 |     5 |     3 ||    22
       Pizza             |       |     1 |       |     1 |     1 |       ||     3
       Beef jerky        |       |       |     2 |       |       |     2 ||     4
       Royal jelly       |       |       |     1 |     1 |       |       ||     2
       Meat ration       |       |       |       |     4 |     1 |       ||     5
       Bread ration      |       |       |       |       |     3 |       ||     3
